 Dungeon Crawl Stone Soup version 0.18-a0-1702-gd20c6a5 (webtiles) character file.

20307 Ijustatesigmund the Covert (level 12, -4/80 HPs)
             Began as an Octopode Assassin on Apr 6, 2016.
             Was a Priest of Cheibriados.
             Slain by a salamander
             ... wielding a +0 trident
              (10 damage)
             ... on level 14 of the Dungeon.
             The game lasted 00:57:30 (14793 turns).

Ijustatesigmund the Covert (Octopode Assassin)     Turns: 14793, Time: 00:57:31

Health: -4/80      AC:  1    Str: 21    XL:     12   Next: 78%
Magic:  1/18       EV: 25    Int: 24    God:    Cheibriados [***...]
Gold:   785        SH:  0    Dex: 32    Spells: 1 memorised, 9 levels left

rFire  . . .     SeeInvis .     N - +2 dagger (venom)
rCold  . . .     Gourm    .     (no shield)
rNeg   + + .     Faith    .     (helmet restricted)
rPois  .         Spirit   .     (no amulet)
rElec  .         Dismiss  .     i - +4 ring of dexterity
rCorr  .         Reflect  .     j - +3 ring of evasion
SustAt +         Harm     .     k - +5 ring of dexterity
MR     .....                    r - +2 ring of strength
Stlth  ++++......               g - ring of positive energy
                                m - ring of positive energy
                                s - ring of sustain attributes
                                (no ring)

@: liquid flames, very slightly contaminated, glowing, very slow, not resistant
to hostile enchantments, stealthy
A: almost no armour, amphibious, 8 rings, constrict 8, camouflage 1, gelatinous
body 1
a: Bend Time, Temporal Distortion, Renounce Religion


You were on level 14 of the Dungeon.
You worshipped Cheibriados.
Cheibriados was most pleased with you.
You were not hungry.

You visited 4 branches of the dungeon, and saw 18 of its levels.

You collected 785 gold pieces.

Inventory:

Hand Weapons
 a - a +2 dagger
 b - a +1 blowgun
 h - a +2 short sword of draining
 v - a +1 dagger of flaming
 N - a +2 dagger of venom (weapon)
Missiles
 c - 51 poisoned needles
 o - 3 tomahawks (quivered)
 p - a javelin
 q - 2 curare-tipped needles
Jewellery
 g - a ring of positive energy (on tentacle)
 i - a +4 ring of dexterity (left tentacle)
 j - a +3 ring of evasion (right tentacle)
 k - a +5 ring of dexterity (on tentacle)
 m - a ring of positive energy (on tentacle)
 r - a +2 ring of strength (on tentacle)
 s - a ring of sustain attributes (on tentacle)
 P - an uncursed amulet of harm {unknown}
Wands
 e - a wand of confusion (25/48)
 u - a wand of slowing (24/48)
 z - a wand of flame (25/48)
 A - a wand of disintegration (10/24)
 B - a wand of iceblast (6/15)
 K - a wand of acid (2/15)
 Q - a wand of lightning (0/15)
Scrolls
 l - 6 scrolls of remove curse
 y - 5 scrolls of identify
 G - 2 scrolls of recharging
 I - 3 scrolls of amnesia
 L - 3 scrolls of enchant armour
 O - a scroll of magic mapping
Potions
 d - a potion of mutation
 n - 2 potions of lignification
 w - 2 potions of brilliance
 x - 2 potions of curing
 F - a potion of cure mutation
Books
 t - an Akashic Record

   Spells                             Type                      Level
   a - Dispersal                      Translocation                6
   b - Malign Gateway                 Summoning/Translocation      7
   c - Disjunction                    Translocation                8
   d - Controlled Blink               Translocation                8
 E - a book of Dreams

   Spells                             Type                      Level
   a - Ensorcelled Hibernation        Hexes/Ice                    2
   b - Silence                        Hexes/Air                    5
   c - Darkness                       Hexes                        6
   d - Shadow Creatures               Summoning                    6
 J - a Grand Grimoire

   Spells                             Type                      Level
   a - Monstrous Menagerie            Summoning                    7
   b - Summon Greater Demon           Summoning                    7
   c - Malign Gateway                 Summoning/Translocation      7
   d - Summon Horrible Things         Summoning                    8
Comestibles
 f - 12 bread rations
 D - 4 meat rations
 H - a chunk of flesh


   Skills:
 - Level 6.5 Fighting
 + Level 10.4 Short Blades
 + Level 5.6 Throwing
 + Level 8.2 Dodging
 + Level 13.7 Stealth
 - Level 5.0 Hexes
 - Level 5.0 Ice Magic
 - Level 8.5 Invocations


You had 9 spell levels left.
You knew the following spells:

 Your Spells              Type           Power        Failure   Level  Hunger
a - Ensorcelled Hibernat  Hex/Ice        ###...       2%          2    ###....


Dungeon Overview and Level Annotations

Branches:
Dungeon (15/15)            Temple (1/1) D:6            Lair (1/8) D:9
    Orc (1/2) D:11
 Vaults: D:13-14     Depths: D:15

Altars:
Ashenzari
Cheibriados
Dithmenos
Elyvilon
Fedhas
Gozag
Kikubaaqudgha
Makhleb
Nemelex Xobeh
Pakellas
Qazlal
Ru
Sif Muna
Trog
Vehumet
Xom
Yredelemnul
Zin
The Shining One

Shops:
D:4 [

Annotations:
D:6 PeterLawrence's ghost, novice GrFi
D:11 exclusion: ice statue
Orc:1 Gastronok


Innate Abilities, Weirdness & Mutations

You cannot wear most types of armour.
You are amphibious.
You can wear up to eight rings at the same time.
You can use your tentacles to constrict eight enemies at once.
Your skin changes colour to match your surroundings (Stealth).
Your rubbery body absorbs attacks (AC +1).


Message History

The hill giant is moderately wounded.
Evoking this partially-identified wand wasted a few charges.
You are covered in liquid flames!
* * * LOW HITPOINT WARNING * * *
The salamander closely misses you.
The tengu conjurer gestures at you while chanting.
The bolt of magma misses you.
Evoke which item? (* to show all) (? for menu, Esc to quit)
Zapping:
e - a wand of confusion {zapped: 4} (will waste charges)
Press: ? - help, Shift-Dir - straight line, f/p - tengu conjurer
Aim: a tengu conjurer (heavily wounded, covered in acid, chance to defeat MR: 46%)
The tengu conjurer appears confused.
Evoking this partially-identified wand wasted a few charges.
You are covered in liquid flames!
* * * LOW HITPOINT WARNING * * *
The salamander stormcaller closely misses you.
The salamander hits you from afar with a trident.
* * * LOW HITPOINT WARNING * * *
You are engulfed in flames!
You die... ......).†......... uu.....

.................. ..uQ...
##########..#####################
....)...............N§....(.(....
....))...............C....†......
#######.............N.###########
#..###########..#
#######..###########N.########
............>...@QNCN.........
.....[............N(..........
..........###########.########
..........# #.# (....(....# #.#
....(.....# #.# ..........# #.#
#### ........... ... ...
..C......... ...


You could see a salamander stormcaller, 3 salamanders, a hill giant and a tengu
conjurer (confused).

Vanquished Creatures
  A hydra (D:13)
  A centaur warrior (D:14)
  Erica (D:9)
  A skeletal warrior (D:13)
  A wolf spider zombie (D:14)
  A necromancer (D:13)
  A griffon (D:13)
  6 ugly things
  An efreet (D:12)
  A troll (D:9)
  Prince Ribbit (D:7)
  Sigmund (D:2)
  A spriggan (D:7)
  A shadow (D:13)
  2 flying skulls (D:13)
  A wyvern (D:8)
  2 hungry ghosts
  12 yaks
  A soldier ant (D:10)
  7 orc warriors
  3 ice beasts (D:9)
  A sky beast (D:10)
  2 black bears
  An eye of draining (D:11)
  2 necrophages
  2 phantoms (D:5)
  10 ogres
  4 centaurs
  Blork the orc (D:4)
  A big kobold (D:13)
  6 giant frogs
  2 wyvern zombies
  2 wyvern skeletons (D:13)
  3 scorpions
  8 killer bees
  21 wights
  A howler monkey (D:12)
  4 crimson imps
  9 centaur zombies
  A quasit (D:10)
  2 giant frog zombies
  3 centaur skeletons
  3 hounds
  2 jellies
  6 giant frog skeletons
  20 orc priests
  15 orc wizards
  Crazy Yiuf (D:3)
  An iguana (D:4)
  8 worker ants
  A sheep (D:14)
  4 hound skeletons
  A worker ant zombie (D:8)
  12 adders
  3 gnolls (D:8)
  2 shadow imps
  An ooze (D:5)
  An adder zombie (D:5)
  4 worms
  3 dart slugs
  4 giant geckos
  56 orcs
  8 giant cockroaches
  9 goblins
  12 hobgoblins
  4 jackals (D:8)
  16 kobolds
  8 quokkas
  2 ball pythons
  10 bats
  2 giant gecko skeletons
  7 giant newts
  6 rats
  A fungus (D:3)
366 creatures vanquished.

Vanquished Creatures (collateral kills)
  A cyclops (D:14)
1 creature vanquished.

Vanquished Creatures (others)
  An orc priest (D:4)
1 creature vanquished.

Grand Total: 368 creatures vanquished

Notes
Turn   | Place    | Note
--------------------------------------------------------------
     0 | D:1      | Ijustatesigmund the Octopode Assassin began the quest for the Orb.
     0 | D:1      | Reached XP level 1. HP: 14/14 MP: 1/1
   247 | D:1      | Reached XP level 2. HP: 11/20 MP: 2/2
   875 | D:1      | Reached XP level 3. HP: 25/25 MP: 3/3
   959 | D:2      | Found an opulent altar of Gozag.
  1433 | D:2      | Noticed Sigmund
  1507 | D:3      | Reached XP level 4. HP: 31/31 MP: 4/4
  1584 | D:3      | Noticed Crazy Yiuf
  1593 | D:3      | Killed Crazy Yiuf
  1708 | D:3      | Reached XP level 5. HP: 36/36 MP: 5/5
  1711 | D:3      | Noticed a phantom
  2102 | D:4      | Noticed an ogre
  2109 | D:4      | Killed an ogre
  2109 | D:4      | Reached XP level 6. HP: 43/43 MP: 6/6
  2190 | D:4      | Noticed Blork the orc
  2191 | D:4      | Found Meumu's Antique Armour Shoppe.
  2196 | D:4      | Killed Blork the orc
  2196 | D:4      | Reached skill level 6 in Stealth
  2402 | D:4      | Reached XP level 7. HP: 12/49 MP: 7/7
  2647 | D:4      | Reached skill level 7 in Stealth
  3232 | D:4      | Reached skill level 5 in Fighting
  3232 | D:4      | Reached skill level 5 in Short Blades
  3623 | D:5      | Entered Level 5 of the Dungeon
  3643 | D:5      | Found an oddly glowing altar of Pakellas.
  4169 | D:2      | Killed Sigmund
  4169 | D:2      | Reached skill level 8 in Stealth
  4169 | D:2      | Reached XP level 8. HP: 52/56 MP: 8/8
  4358 | D:2      | Found a shadowy altar of Dithmenos.
  5690 | D:6      | Reached skill level 9 in Stealth
  6077 | D:6      | Found a staircase to the Ecumenical Temple.
  6084 | Temple   | Entered the Ecumenical Temple
  6397 | D:6      | Reached XP level 9. HP: 62/62 MP: 9/9
  6464 | D:6      | Found an oddly glowing altar of Pakellas.
  6509 | D:6      | Noticed PeterLawrence's ghost (novice GrFi)
  6838 | D:7      | Noticed Prince Ribbit
  6844 | D:7      | Killed Prince Ribbit
  6844 | D:7      | Reached skill level 5 in Dodging
  6844 | D:7      | Reached skill level 10 in Stealth
  6905 | D:7      | Found a sparkling altar of Nemelex Xobeh.
  6906 | D:7      | Found an opulent altar of Gozag.
  7375 | D:7      | You fall through a shaft for 3 floors!
  7375 | D:10     | Entered Level 10 of the Dungeon
  7414 | D:10     | Learned a level 2 spell: Ensorcelled Hibernation
  7437 | D:10     | Reached skill level 1 in Hexes
  7437 | D:10     | Reached skill level 1 in Ice Magic
  7770 | D:9      | Noticed a troll
  7927 | D:9      | Reached XP level 10. HP: 68/68 MP: 10/10
  7970 | D:9      | Found a staircase to the Lair.
  7975 | D:9      | Noticed Erica
  7981 | Lair:1   | Entered Level 1 of the Lair of Beasts
  8173 | D:9      | Killed Erica
  8432 | D:9      | Found a radiant altar of Vehumet.
  9077 | D:8      | Reached skill level 5 in Hexes
  9077 | D:8      | Reached skill level 5 in Ice Magic
  9102 | D:8      | Found a deep blue altar of Sif Muna.
  9103 | D:8      | Found a snail-covered altar of Cheibriados.
  9125 | D:8      | Became a worshipper of Cheibriados the Contemplative
  9837 | D:9      | Reached skill level 11 in Stealth
 10112 | D:10     | Reached * piety under Cheibriados
 10141 | D:10     | Noticed a hill giant
 10511 | D:11     | Reached skill level 1 in Invocations
 10558 | D:11     | Found a staircase to the Orcish Mines.
 10696 | D:11     | Reached XP level 11. HP: 51/74 MP: 13/13
 10856 | D:11     | Reached ** piety under Cheibriados
 10888 | Orc:1    | Entered Level 1 of the Orcish Mines
 10888 | Orc:1    | Noticed Gastronok
 10891 | Orc:1    | Noticed an orc high priest
 10891 | Orc:1    | Noticed an orc knight
 11165 | D:11     | Noticed a hill giant
 11183 | D:11     | Reached skill level 5 in Invocations
 11494 | D:12     | Noticed a white ugly thing
 11520 | D:12     | Killed a white ugly thing
 11882 | D:12     | Reached *** piety under Cheibriados
 12952 | D:13     | Reached **** piety under Cheibriados
 12965 | D:13     | Noticed a griffon
 12974 | D:13     | Killed a griffon
 13306 | D:13     | Noticed an eight-headed hydra
 13317 | D:13     | Killed an eight-headed hydra
 13350 | D:14     | Noticed a cyclops
 13361 | D:13     | Reached skill level 12 in Stealth
 13636 | D:13     | Noticed a necromancer
 13638 | D:13     | Killed a necromancer
 13638 | D:13     | Reached XP level 12. HP: 80/80 MP: 18/18
 14028 | D:14     | Noticed a catoblepas
 14028 | D:14     | Noticed a centaur warrior
 14293 | D:15     | Entered Level 15 of the Dungeon
 14330 | D:14     | Reached skill level 13 in Stealth
 14341 | D:14     | Reached skill level 10 in Short Blades
 14400 | D:14     | Killed a centaur warrior
 14637 | D:14     | Reached skill level 5 in Throwing
 14687 | D:15     | Noticed a death knight
 14738 | D:14     | Noticed a tengu warrior
 14786 | D:14     | Noticed a salamander stormcaller
 14793 | D:14     | Slain by a salamander

Vault maps used:
D:1:      dpeg_arrival_circle_labyrinth_c
D:2:      lemuel_coloured_pillars_altar,
          nicolae_gozag_cash_rules_everything_around_me, uniq_sigmund
D:3:      minmay_gold_behind_fungi, uniq_crazy_yiuf_cottage
D:4:      kennysheep_six_static_rooms, first_bread, serial_shops, shop,
          gup_sewer_entry_spiral, kennysheep_crisscross, uniq_blork_the_orc
D:5:      grunt_pakellas_mercury
D:6:      kennysheep_mini_moat, minmay_temple_entry_trees, lemuel_tele_altar
D:7:      grunt_temple_overflow_opulence, the_bakery, uniq_prince_ribbit1
D:8:      gammafunk_temple_overflow_pools
D:9:      nicolae_overflow_crystal_walls, lair_0_dummy, uniq_erica
D:10:     minivault_23, uniq_sonja, uniq_maurice
D:11:     erik_orc_3, portal_ice_cave_entry_ice_statue_01
D:13:     hangedman_screamer, kennysheep_another_room
D:14:     erik_vaults_2, serial_shops, shop, grunt_decor_fettered
D:15:     grunt_enter_depths_giant_problem, minivault_25
Temple:   oiseaux_autumnal_temple_12
Lair:1:   kennysheep_snail_temple, grunt_megastairs_1,
          infiniplex_staircase_pool, uniq_fannar
Orc:1:    serial_shops, shop, david_defended_altar_orc, uniq_gastronok,
          uniq_erolcha

Skill      XL: |  1  2  3  4  5  6  7  8  9 10 11 12 |
---------------+-------------------------------------+-----
Fighting       | 3 4 5 6 |  6.5
Short Blades   | 3 4 5 6 7 8 9 10 | 10.4
Dodging        | 2 4 5 6 8 |  8.2
Stealth        | 6 8 9 10 11 12 13 | 13.7
Throwing       | 3 4 5 |  5.6
Hexes          | 2 5 |  5.0
Ice Magic      | 2 5 |  5.0
Invocations    | 2 8 |  8.5

Action                   |  1- 3 |  4- 6 |  7- 9 | 10-12 || total
-------------------------+-------+-------+-------+-------++-------
Melee: Dagger            |    58 |    45 |   300 |   548 ||   951
       Short sword       |       |       |       |     4 ||     4
 Fire: Blowgun           |       |     5 |     2 |    11 ||    18
Throw: Javelin           |     4 |       |     3 |     1 ||     8
       Tomahawk          |       |       |    18 |    26 ||    44
       Throwing net      |       |       |     1 |     8 ||     9
 Cast: Ensorcelled Hiber |       |       |       |    28 ||    28
Invok: Slouch            |       |       |       |     5 ||     5
       Temporal Distorti |       |       |       |     2 ||     2
Evoke: Wand              |       |     2 |     3 |     7 ||    12
       Phantom mirror    |       |       |       |     1 ||     1
  Use: Scroll            |     4 |     3 |     6 |    17 ||    30
       Potion            |       |     5 |       |     4 ||     9
 Stab: Sleeping          |    11 |    15 |    52 |    71 ||   149
       Held in net/web   |       |       |     1 |     5 ||     6
       Invisible         |       |       |     1 |       ||     1
       Distracted        |       |       |     2 |     4 ||     6
  Eat: Chunk             |     2 |     1 |    11 |     6 ||    20
       Beef jerky        |       |     1 |       |     1 ||     2
       Pizza             |       |       |     1 |       ||     1
       Bread ration      |       |       |     1 |     2 ||     3
       Fruit             |       |       |     1 |     3 ||     4
